 Dungeon Crawl Stone Soup version 0.18-a0-1694-g9f731c2 (webtiles) character file.

102 Eucla the Ducker (level 4, -11/24 HPs)
             Began as a Spriggan Gladiator on Apr 5, 2016.
             Mangled by an ogre
             ... wielding a +0 giant club
              (19 damage)
             ... on level 3 of the Dungeon.
             The game lasted 00:02:01 (1373 turns).

Eucla the Ducker (Spriggan Gladiator)               Turns: 1373, Time: 00:02:02

Health: -11/24     AC:  2    Str: 12    XL:     4   Next: 49%
Magic:  5/5        EV: 20    Int:  9    God:
Gold:   44         SH:  0    Dex: 16    Spells: 0 memorised, 3 levels left

rFire  . . .     SeeInvis +     a - +0 trident
rCold  . . .     Gourm    .     b - +0 robe
rNeg   . . .     Faith    .     (shield currently unavailable)
rPois  .         Spirit   .     c - +0 hat
rElec  .         Dismiss  .     (no cloak)
rCorr  .         Reflect  .     (gloves unavailable)
SustAt .         Harm     .     (boots unavailable)
MR     .....                    (no amulet)
Stlth  +.........               (no ring)
                                (no ring)

@: very quick, not resistant to hostile enchantments, very unstealthy
A: unfitting armour, see invisible, herbivore 3, speed 3, slow metabolism 2
a: no special abilities


You were on level 3 of the Dungeon.
You were not hungry.

You visited 1 branch of the dungeon, and saw 3 of its levels.

You collected 44 gold pieces.

Inventory:

Hand Weapons
 a - a +0 trident (weapon)
Missiles
 d - 3 throwing nets (quivered)
Armour
 b - a +0 robe (worn)
 c - a +0 hat (worn)
Jewellery
 q - an uncursed ring of stealth {unknown}
 s - an uncursed amulet of harm {unknown}
Scrolls
 e - 2 scrolls of identify {unknown}
 j - a scroll of enchant armour {unknown}
 k - a scroll of magic mapping {unknown}
 o - a scroll of blinking {unknown}
 r - a scroll of fear {unknown}
Potions
 g - a potion of agility {unknown}
 h - 3 potions of magic {unknown}
 i - a potion of haste {unknown}
 l - a potion of flight {unknown}
 m - 2 potions of invisibility {unknown}
 n - a potion of berserk rage {unknown}
 p - a potion of mutation {unknown}
Comestibles
 f - 2 bread rations


   Skills:
 * Level 3.0 Fighting
 + Level 2.8 Polearms
 - Level 2.0 Throwing
 + Level 5.1 Dodging


You had 3 spell levels left.
You didn't know any spells.

Dungeon Overview and Level Annotations

Branches:
Dungeon (3/15)

Altars:
Fedhas
Makhleb


Innate Abilities, Weirdness & Mutations

You are tiny and cannot use many weapons and most armour.
You have supernaturally acute eyesight.
You are a herbivore.
You cover ground extremely quickly.
You need consume almost no food.


Message History

Found 6 gold pieces.
A hound comes into view.
Attack whom?
Press: ? - help, Dir - move target cursor, f/p - ogre
Aim: an ogre, wielding a giant club (moderately wounded)
You reach to attack!
You barely miss the ogre.
The ogre is moderately wounded.
The hound barks!
Attack whom?
Press: ? - help, Dir - move target cursor, f/p - ogre
Aim: an ogre, wielding a giant club (moderately wounded)
You reach to attack!
You hit the ogre.
The ogre is moderately wounded.
The dart slug launches a dart at you. The slug dart hits you!
You hit the ogre.
The ogre is heavily wounded.
The ogre hits you with a giant club!!
Ouch! That really hurt!
You die...

....$ #.# #+###...######
......#.# #...'..#####
......#.###.###..#.#∩###
#....w...# #..#.._..#
####.w##.###..##....##
##......+(..#..).<#
#####..#.###..†......#
#..................#.#
........h.O@......###...
..................#
#####
..#####..>.....[... .
......##########
.......+ ........#
........# ........#


You could see an ogre, a hound and a dart slug.

Vanquished Creatures
  A hound (D:3)
  An adder (D:2)
  A worm (D:2)
  2 dart slugs
  4 giant geckos
  3 giant cockroaches (D:1)
  7 goblins
  7 hobgoblins
  4 jackals (D:1)
  2 quokkas (D:2)
  6 bats
  A giant newt (D:1)
  3 kobolds (D:1)
  9 rats
51 creatures vanquished.

Notes
Turn   | Place    | Note
--------------------------------------------------------------
     0 | D:1      | Eucla the Spriggan Gladiator began the quest for the Orb.
     0 | D:1      | Reached XP level 1. HP: 10/10 MP: 2/2
    65 | D:1      | Reached XP level 2. HP: 11/15 MP: 3/3
   272 | D:1      | Reached XP level 3. HP: 17/18 MP: 4/4
   691 | D:2      | Found a blossoming altar of Fedhas.
   964 | D:2      | Reached XP level 4. HP: 15/23 MP: 5/5
  1312 | D:3      | Found a burning altar of Makhleb.
  1317 | D:3      | Reached skill level 5 in Dodging
  1356 | D:3      | Noticed an ogre
  1373 | D:3      | Mangled by an ogre

Vault maps used:
D:1:      dpeg_arrival_rooms_b
D:2:      first_bread, fedhas_altar_3
D:3:      makhleb_heckhound_becter

Skill      XL: |  1  2  3  4 |
---------------+-------------+-----
Fighting       | 2 3 |  3.0
Dodging        | 5 |  5.1
Polearms       | |  2.8
Throwing       | |  2.0

Action                   |  1- 3 |  4- 6 || total
-------------------------+-------+-------++-------
Melee: Trident           |   135 |    32 ||   167
 Stab: Sleeping          |     3 |       ||     3
